 Dungeon Crawl Stone Soup version 0.14-a0-1522-g6c286a4 (webtiles) character file.

241 MirrMurr the Sneak (level 4, -11/21 HPs)
             Began as a Spriggan Enchanter on Dec 17, 2013.
             Mangled by an orc warrior
             ... wielding a -1,+0 orcish anti-magic hand axe
              (18 damage)
             ... on Level 3 of the Dungeon.
             The game lasted 00:07:11 (2333 turns).

MirrMurr the Sneak (Spriggan Enchanter)             Turns: 2333, Time: 00:07:12

HP -11/21        AC  3     Str  3      XL: 4   Next: 77%
MP   1/12        EV 20     Int 16      God:
Gold 120         SH  0     Dex 18      Spells:  2 memorised,  5 levels left

rFire  . . .     SeeInvis +     a - +1 dagger
rCold  . . .     Clarity  .     b - +1 robe
rNeg   . . .     Conserve .     (shield restricted)
rPois  .         rCorr    .     (helmet restricted)
rElec  .         rRot     .     (no cloak)
SustAb . .       Spirit   .     (gloves unavailable)
rMut   .         Warding  .     (boots unavailable)
Saprov . . .     Stasis   .     (no amulet)
                                (no ring)
                                (no ring)

@: very quick, slightly resistant to hostile enchantments, very stealthy
A: unfitting armour, hooves 1, repulsion field 1, see invisible, agile 1,
herbivore 3, speed 3, slow metabolism 2, weak 1
a: no special abilities


You were on level 3 of the Dungeon.
You were not hungry.

You visited 1 branch of the dungeon, and saw 3 of its levels.

You collected 120 gold pieces.

Inventory:

Hand weapons
 a - a +1,+1 dagger (weapon)
Missiles
 d - 9 darts (quivered)
Armour
 b - a +1 robe (worn)
Comestibles
 w - a pear
 x - a bread ration
Scrolls
 f - a scroll of teleportation
 h - a scroll of enchant weapon I {unknown}
 i - a scroll of curse weapon {unknown}
 l - 2 scrolls of identify
 m - a scroll of noise {unknown}
 n - 3 scrolls of remove curse {unknown}
 o - 3 scrolls of random uselessness {unknown}
 q - a scroll of enchant weapon II {unknown}
 r - a scroll of fear {unknown}
 s - a scroll of amnesia {unknown}
 t - a scroll of magic mapping {unknown}
Jewellery
 u - an uncursed ring of flight {unknown}
Potions
 e - a potion of porridge
 g - 2 potions of heal wounds
 j - 2 potions of magic {unknown}
 k - 2 potions of brilliance {unknown}
 p - 2 potions of restore abilities {unknown}
Books
 c - a book of Maledictions

   Spells                             Type                      Level
   *Corona                            Hexes                        1
   Sure Blade                         Hexes/Charms                 2
   *Ensorcelled Hibernation           Hexes/Ice                    2
   Confuse                            Hexes                        3
   Enslavement                        Hexes                        4
   Invisibility                       Hexes                        6


   Skills:
 - Level 1.1 Short Blades
 - Level 1.1 Throwing
 - Level 3.0 Dodging
 + Level 7.9 Stealth
 - Level 2.6 Spellcasting
 - Level 3.6 Hexes


You had 5 spell levels left.
You knew the following spells:

 Your Spells              Type           Power        Failure   Level  Hunger
a - Ensorcelled Hibernat  Hex/Ice        #.....       17%         2    ##.....
Z - Corona                Hex            ##.....      6%          1    #......


Dungeon Overview and Level Annotations

Branches:
Dungeon (3/16)

Altars:
Trog
Xom


Innate Abilities, Weirdness & Mutations

You are tiny and cannot use many weapons and most armour.
You have supernaturally acute eyesight.
You are a herbivore.
You cover ground extremely quickly.
You need consume almost no food.
You have large cloven feet.
You are surrounded by a mild repulsion field (EV +2).
You are agile. (Dex +2)
You are weak. (Str -2)


Message History

Aim: an orc warrior, wielding an orcish anti-magic hand axe, wearing an orcish plate armour and wearing a shield (almost dead, softly glowing)
You throw a dart. The dart hits the orc warrior.
The orc warrior is almost dead.
Throwing (i - inventory):
d - 11 darts (quivered)
Press: ? - help, Shift-Dir - straight line, f/p - orc warrior
Aim: an orc warrior, wielding an orcish anti-magic hand axe, wearing an orcish plate armour and wearing a shield (almost dead, softly glowing)
You throw a dart. The dart hits the orc warrior.
The orc warrior is almost dead.
Throwing (i - inventory):
d - 10 darts (quivered)
Press: ? - help, Shift-Dir - straight line, f/p - orc warrior
Aim: an orc warrior, wielding an orcish anti-magic hand axe, wearing an orcish plate armour and wearing a shield (almost dead, softly glowing)
You throw a dart. The dart misses the orc warrior.
The dart hits the orc.
The orc warrior blocks your attack.
The orc warrior is almost dead.
The orc warrior completely misses you.
You barely miss the orc warrior.
The orc warrior is almost dead.
The orc warrior hits you with an orcish anti-magic hand axe!
Ouch! That really hurt!
You die...

###....#.>.(..######.......
#..........................
#.#....##.#.).######.......
#.#.........%.)%.).........
#.###.###.##.##########.#.#
#.# #.###.##.........##.#.#
#.###......................
#......##.##......(..#..)..
#.........@oo((............
#......##.##.........#.....
#......##.##.........#.....
#.###.###.##.######.##.....
#.# #.# #.##.# #.###.###
##.###.###.##.# #.# #.#
#...<....#.##.# #.# #.#
#.......)#.##.# #.. ...
#........#.##.# ###


You could see an orc warrior and an orc.

Vanquished Creatures
  A crimson imp (D:2)
  2 adders (D:2)
  A giant gecko (D:2)
  7 orcs (D:3)
  3 ball pythons (D:2)
  3 bats
  6 goblins
  7 hobgoblins
  10 kobolds
  2 quokkas (D:2)
  4 giant cockroaches
  6 giant newts
  5 rats
57 creatures vanquished.

Notes
Turn   | Place    | Note
--------------------------------------------------------------
     0 | D:1      | MirrMurr, the Spriggan Enchanter, began the quest for the Orb.
     0 | D:1      | Reached XP level 1. HP: 9/9 MP: 4/4
   137 | D:1      | Reached skill level 4 in Stealth
   186 | D:1      | Reached XP level 2. HP: 13/13 MP: 7/7
   190 | D:1      | Learned a level 2 spell: Ensorcelled Hibernation
   673 | D:2      | Reached skill level 5 in Stealth
  1212 | D:2      | Reached XP level 3. HP: 16/16 MP: 9/9
  1277 | D:2      | Reached skill level 6 in Stealth
  1991 | D:2      | Found a shimmering altar of Xom.
  1992 | D:2      | Found a bloodstained altar of Trog.
  2093 | D:2      | Reached skill level 7 in Stealth
  2093 | D:2      | Reached XP level 4. HP: 19/21 MP: 12/12
  2130 | D:3      | Gained mutation: You are surrounded by a mild repulsion field (EV +2). [potion of mutation]
  2130 | D:3      | Gained mutation: You are weak. (Str -2) [potion of mutation]
  2131 | D:3      | Gained mutation: You have large cloven feet. [potion of mutation]
  2131 | D:3      | Gained mutation: You are agile. (Dex +2) [potion of mutation]
  2246 | D:3      | Noticed an orc warrior
  2333 | D:3      | Mangled by an orc warrior

Action                   |  1- 3 |  4- 6 || total
-------------------------+-------+-------++-------
Melee: Dagger            |   168 |    36 ||   204
Throw: Dart              |       |     3 ||     3
 Cast: Ensorcelled Hiber |     6 |     4 ||    10
       Corona            |       |     3 ||     3
  Use: Scroll            |     2 |       ||     2
       Potion            |       |     3 ||     3
 Stab: Sleeping          |    14 |     8 ||    22
       Distracted        |     2 |       ||     2
